 Dungeon Crawl Stone Soup version 0.31.0-1-g2c135a0 (webtiles) character file.

Game seed: 5412666516009433169

255814 samcosmo the Stormcaller (level 19, -7/170 HPs)
             Began as a Red Draconian Air Elementalist on Mar 24, 2024.
             Was the Champion of Sif Muna.
             Killed by an exploding ball lightning (13 damage)
             ... on level 1 of the Vaults on Apr 7, 2024.
             The game lasted 04:22:29 (56534 turns).

samcosmo the Stormcaller (DrAE)                    Turns: 56534, Time: 04:22:30

Health: -7/170     AC: 22    Str:  7 (12) XL:     19   Next: 5%
Magic:  7/46       EV: 17    Int: 33      God:    Sif Muna [******]
Gold:   3603       SH:  0    Dex: 12      Spells: 0/44 levels left

rFire   + + .        o - staff of air
rCold   + . .        (no shield)
rNeg    . . .        (body armour unavailable)
rPois   +            O - +3 hat of Pondering {ponderous, Will+ MP+10 Int+5}
rElec   +            A - +2 cloak {Stlth+}
rCorr   +            S - +2 pair of gloves
SInv    .            T - +2 pair of boots
Will    ++...        n - amulet of regeneration
Stlth   +++          w - +6 ring of intelligence
HPRegen 1.28/turn    X - ring of wizardry
MPRegen 0.30/turn

%: wizardry (x1)
@: resistant, marked, studying Hexes, slow
A: breathe fire, AC +10, unfitting armour, fire resistance 1, cold-blooded
}: 2/15 runes: barnacled, gossamer
a: Breathe Fire, Renounce Religion, Channel Magic, Forget Spell, Divine Exegesis


You were on level 1 of the Vaults.
You worshipped Sif Muna.
Sif Muna was exalted by your worship.
You visited 7 branches of the dungeon, and saw 32 of its levels.
You also visited: Sewer and Bailey.

You collected 3603 gold pieces.

Inventory:

Hand Weapons
 x - the +6 morningstar "Demonbane" {freeze, ^Contam rF+++ rCorr Int-2}
   (You took it off a centaur warrior on level 13 of the Dungeon)

   Int-2:     It affects your intelligence (-2).
   rF+++:     It renders you almost immune to fire.
   ^Contam:   It causes magical contamination when unequipped.
   rCorr:     It protects you from acid and corrosion.
Armour
 A - a +2 cloak of stealth (worn)
 C - a +2 buckler of positive energy
 O - the +3 hat of Pondering (worn) {ponderous, Will+ MP+10 Int+5}
   (You took it off Gastronok on level 10 of the Dungeon)

   Int+5:     It affects your intelligence (+5).
   Will+:     It increases your willpower.
   MP+10:     It affects your magic capacity (+10).
 S - a +2 pair of gloves (worn)
 T - a +2 pair of boots (worn)
Magical Staves
 o - a staff of air (weapon)
Jewellery
 h - a ring of resist corrosion
 n - an amulet of regeneration (around neck)
 w - a +6 ring of intelligence (left hand)
 y - a +5 ring of evasion
 Q - a ring of willpower
 W - a ring of ice
 X - a ring of wizardry (right hand)
 Y - a ring of ice
Wands
 p - a wand of polymorph (16)
 B - a wand of acid (2)
 E - a wand of mindburst (5)
 F - a wand of digging (3)
 G - a wand of flame (23)
 P - a wand of charming (23)
 R - a wand of iceblast (32)
Scrolls
 d - 2 scrolls of immolation
 f - 2 scrolls of teleportation
 i - a scroll of amnesia
 l - 2 scrolls of vulnerability
 r - 6 scrolls of enchant weapon
 s - 3 scrolls of silence
 u - 6 scrolls of revelation
 D - 3 scrolls of poison
 H - 4 scrolls of blinking
 M - 5 scrolls of fog
 N - 2 scrolls of butterflies
 U - a scroll of brand weapon
 V - 6 scrolls of identify
 Z - a scroll of torment
Potions
 a - 4 potions of magic
 b - 4 potions of brilliance
 c - 3 potions of enlightenment
 e - 5 potions of haste
 g - 2 potions of cancellation
 j - 9 potions of mutation
 k - 3 potions of lignification
 q - 2 potions of ambrosia
 v - 10 potions of curing
 z - 2 potions of invisibility
 I - 2 potions of heal wounds
 J - 4 potions of might
 K - 3 potions of attraction
 L - 2 potions of resistance
Miscellaneous
 m - a phial of floods
 t - a lightning rod (4/4)


   Skills:
 - Level 15.0 Fighting
 - Level 13.0 Dodging
 - Level 2.0 Stealth
 - Level 13.0 Spellcasting
 * Level 17.2 Conjurations
 - Level 18.0 Air Magic
 - Level 12.0 Invocations


You couldn't memorise any spells.
You knew the following spells:

 Your Spells              Type           Power      Damage    Failure   Level
a - Shock                 Conj/Air       100%       1d9       0%          1
b - Swiftness             Air            100%       N/A       0%          3
c - Static Discharge      Conj/Air       100%       3-8/arc   0%          2
d - Airstrike             Air            59%        2d(9-25)  0%          4
e - Freezing Cloud        Conj/Ice/Air   49%        6-21      1%          5
f - Mephitic Cloud        Conj/Alch/Air  99%        N/A       1%          3
g - Mercury Vapours       Alch/Air       100%       N/A       1%          2
h - Arcjolt               Conj/Air       58%        1d68      1%          5
i - Conjure Ball Lightni  Conj/Air       58%        3x3d21    1%          6
j - Summon Lightning Spi  Summ/Air       88%        N/A       1%          4
k - Chain Lightning       Conj/Air       58%        3d78      50%         9

Your spell library contained the following spells:

 Spells                   Type           Power      Damage    Failure   Level
 Searing Ray              Conj           100%       2d8       0%          2
 Apportation              Tloc           42%        N/A       1%          1
 Foxfire                  Conj/Fire      100%       2x1d9     1%          1
 Kiss of Death            Conj/Necr      100%       2d13      1%          1
 Necrotise                Necr           84%        1d8       1%          1
 Sting                    Conj/Alch      100%       1d9       1%          1
 Summon Small Mammal      Summ           84%        N/A       1%          1
 Blink                    Tloc           42%        N/A       1%          2
 Call Imp                 Summ           42%        N/A       1%          2
 Cigotuvi's Dreadful Rot  Necr/Alch/Air  100%       N/A       1%          2
 Ensorcelled Hibernation  Hex/Ice        42%        N/A       1%          2
 Momentum Strike          Conj/Tloc      100%       3d10      1%          2
 Sublimation of Blood     Necr           21%        N/A       1%          2
 Dazzling Flash           Conj/Hex       100%       N/A       1%          3
 Hailstorm                Conj/Ice       67%        3d12      1%          3
 Stone Arrow              Conj/Erth      100%       3d13      1%          3
 Brom's Barrelling Bould  Conj/Erth      67%        2d8       1%          4
 Flame Wave               Conj/Fire      67%        2d15      1%          4
 Vhi's Electric Charge    Tloc/Air       100%       N/A       1%          4
 Fireball                 Conj/Fire      33%        3d14      1%          5
 Irradiate                Conj/Alch      33%        3d22      1%          5
 Silence                  Hex/Air        44%        N/A       1%          5
 Orb of Destruction       Conj           47%        9d12      1%          7
 Confusing Touch          Hex            21%        N/A       2%          3
 Fugue of the Fallen      Necr           21%        N/A       2%          3
 Gell's Gravitas          Tloc           21%        N/A       2%          3
 Inner Flame              Hex/Fire       21%        N/A       2%          3
 Ozocubu's Armour         Ice            21%        N/A       2%          3
 Passwall                 Erth           21%        N/A       2%          3
 Summon Ice Beast         Ice/Summ       21%        N/A       2%          3
 Teleport Other           Tloc           21%        N/A       2%          3
 Tukima's Dance           Hex            21%        N/A       2%          3
 Vampiric Draining        Necr           21%        2d7       2%          3
 Plasma Beam              Fire/Air       44%        2x1d58    3%          6
 Bombard                  Conj/Erth      33%        9d6       4%          6
 Starburst                Conj/Fire      33%        6d10      4%          6
 Cause Fear               Hex            10%        N/A       9%          4
 Dimensional Bullseye     Hex/Tloc       10%        N/A       9%          4
 Dispel Undead            Necr           21%        3d11      9%          4
 Ignite Poison            Fire/Alch      21%        N/A       9%          4
 Leda's Liquefaction      Alch/Erth      10%        N/A       9%          4
 Manifold Assault         Tloc           21%        N/A       9%          4
 Martyr's Knell           Necr/Summ      21%        N/A       9%          4
 Passage of Golubria      Tloc           21%        N/A       9%          4
 Sticky Flame             Fire/Alch      21%        2d6       9%          4
 Spellforged Servitor     Conj/Summ      33%        N/A       21%         7
 Curse of Agony           Necr           21%        N/A       22%         5
 Lee's Rapid Deconstruct  Erth           10%        3d8*      22%         5
 Metabolic Englaciation   Hex/Ice        10%        N/A       22%         5
 Summon Forest            Summ/Tloc      10%        N/A       22%         5
 Yara's Violent Unravell  Hex/Alch       10%        3d6       22%         5
 Death Channel            Necr           10%        N/A       75%         6
 Dispersal                Tloc           10%        N/A       75%         6
 Summon Cactus Giant      Summ           10%        N/A       75%         6
 Lehudib's Crystal Spear  Conj/Erth      33%        10d9      82%         8
 Monstrous Menagerie      Summ           10%        N/A       99%         7
 Summon Hydra             Summ           10%        N/A       99%         7
 Borgnjor's Revivificati  Necr           10%        N/A       100%        8
 Ignition                 Fire           10%        3d5       100%        8
 Infestation              Necr           10%        N/A       100%        8
 Summon Horrible Things   Summ           10%        N/A       100%        8
 Death's Door             Necr           10%        N/A       100%        9
 Dragon's Call            Summ           10%        N/A       100%        9
 Fire Storm               Conj/Fire      33%        8d9       100%        9
 Shatter                  Erth           10%        3d12*     100%        9
 Animate Armour           Summ/Erth      Unusable   N/A       N/A         4

Dungeon Overview and Level Annotations

Branches:
Dungeon (15/15)            Temple (1/1) D:4            Lair (5/5) D:11
 Shoals (4/4) Lair:2       Spider (4/4) Lair:2        Slime (0/5) Lair:5
    Orc (2/2) D:11            Elf (0/3) Orc:2        Vaults (1/5) D:14
 Depths (0/4) D:15          Sewer (visited)          Bailey (visited)

Altars:
Ashenzari
Cheibriados
Dithmenos
Elyvilon
Fedhas
Gozag
Hepliaklqana
Kikubaaqudgha
Makhleb
Nemelex Xobeh
Okawaru
Qazlal
Ru
Sif Muna
Trog
Uskayaw
Vehumet
Wu Jian
Xom
Yredelemnul
Zin
The Shining One

Shops:
D:2 :   Orc:2 ([?*   Shoals:2 ?

Annotations:
Spider:3 1 runed translucent door, Dogchiho's ghost, adept MiFi
Vaults:1 Boris


Innate Abilities, Weirdness & Mutations

You can breathe blasts of fire.
Your fiery red scales are hard. (AC +10)
You cannot fit into any form of body armour.
Your flesh is heat resistant. (rF+)
You are cold-blooded and may be slowed by cold attacks.


Message History

A vault guard is wielding a +2 great sword of draining.
The ironbound convoker shouts!
The vault guard shouts! x2
The vault guard misses you.
The ironbound convoker begins to recite a word of recall!
Cast which spell? (? or * to list)
Okay, then.
Cast which spell? (? or * to list)
You feel a surge of power!
You create some ball lightning! 3 ball lightnings come into view.
The vault guard misses you.
The vault warden hits you with a +0 great sword.
* * * LOW HITPOINT WARNING * * *
Okay, then.
Your ball lightning explodes!
The blast of lightning engulfs the vault guard!!!
The vault guard is heavily wounded.
The blast of lightning engulfs the vault warden!!!
The vault warden is heavily wounded.
The blast of lightning engulfs the ironbound convoker!!
The ironbound convoker is severely wounded.
The blast of lightning engulfs the vault guard!!!
The vault guard is heavily wounded.
Your ball lightning explodes!
The blast of lightning engulfs you! You resist.
* * * LOW HITPOINT WARNING * * *
The blast of lightning engulfs your ball lightning.
Your ball lightning completely resists.
The blast of lightning engulfs the vault guard!!
The vault guard is almost dead.
The blast of lightning engulfs the vault guard!!
You kill the vault guard!
Sif Muna accepts your kill.
The blast of lightning engulfs the vault warden!!
The vault warden is severely wounded.
Your ball lightning explodes!
The blast of lightning engulfs the vault guard!!!
You kill the vault guard!
Sif Muna accepts your kill. The blast of lightning engulfs you! You resist.
You die...

##########
#...@.)p.#
#....)p..#
+........#
#........#
#........#
#........#
#........#
##########


You could see a vault warden and an ironbound convoker (chanting recall).

Vanquished Creatures
  Arachne (Spider:2)
  Jorgrun (D:15)
  A titan (Shoals:4)
  Agnes (D:15)
  Gastronok (D:10)
  Kirke (D:15)
  The ghost of Cumifues the Severer, a journeyman MiMo of Qazlal (Spider:2)
  An emperor scorpion (Spider:4)
  2 vault wardens (Vaults:1)
  8 ghost moths
  4 orc warlords
  2 broodmothers
  The ghost of Estrea the Petrodigitator, a journeyman GrEE of Vehumet (D:13)
  A very ugly thing (D:13)
  A stone giant (Vaults:1)
  Nessos (D:13)
  A dire elephant (D:15)
  A deep elf death mage (Vaults:1)
  4 spark wasps
  Azrael (D:15)
  5 merfolk javelineers
  6 merfolk impalers
  Harold (D:9)
  Josephine (D:15)
  An entropy weaver (shapeshifter) (D:14)
  A yaktaur captain (Vaults:1)
  A fire dragon (D:13)
  4 entropy weavers
  6 vault guards
  8 hydras
  2 centaur warriors
  A radroach (Spider:4)
  3 jorogumos (Spider:4)
  A merfolk avatar (Shoals:2)
  An alligator snapping turtle (Shoals:4)
  7 merfolk aquamancers
  The ghost of IAmTheZeppo the Cleaver, a novice MiFi of Dithmenos (D:8)
  14 death yaks
  4 two-headed ogres
  2 boulder beetles
  2 tengu warriors
  The ghost of nerdeater69 the Severer, a novice MiBe of Trog (D:8)
  3 orc high priests (Orc:2)
  8 demonic crawlers
  3 skeletal warriors (D:13)
  5 pharaoh ants
  8 sea snakes
  4 skysharks
  An arcanist (D:15)
  10 orb spiders
  Pikel (D:8)
  11 harpies
  A harpy (shapeshifter) (D:14)
  11 steelbarb worms
  A sun moth (Spider:4)
  A deep elf archer (Orc:2)
  4 orc knights
  4 deep elf pyromancers
  2 orc sorcerers (Orc:2)
  5 fauns
  4 cyclopes
  4 moths of wrath
  22 ugly things
  18 wolf spiders
  A vault sentinel (Vaults:1)
  14 manticores
  4 black mambas
  6 kobold blastminers (Orc:2)
  3 elephants (Lair:3)
  4 merfolk sirens
  9 meliai
  10 water nymphs
  10 cane toads
  Maggie (D:7)
  A kobold demonologist (D:12)
  5 torpor snails
  A cane toad (shapeshifter) (D:14)
  3 gargoyles
  An unseen horror (D:6)
  15 komodo dragons
  2 rime drakes
  3 yaktaurs (Vaults:1)
  A freezing wraith (D:14)
  Psyche (D:11)
  2 tengu conjurers
  An efreet (D:14)
  24 merfolk
  9 trolls
  5 polar bears
  8 wind drakes
  3 snapping turtles
  7 hornets
  36 tarantellas
  A dream sheep (Lair:5)
  16 blink frogs
  23 slime creatures
  21 culicivoras
  21 jumping spiders
  A spriggan (shapeshifter) (D:14)
  14 spriggans
  2 shadows (D:11)
  21 water elementals
  9 wraiths
  A vampire (D:12)
  59 yaks
  4 basilisks
  4 wyverns
  2 fire elementals (D:15)
  5 air elementals (Shoals:4)
  4 hogs
  4 wargs
  38 redbacks
  7 vampire mosquitoes
  4 steam dragons
  4 swamp worms (Lair:2)
  5 acid dragons
  2 hell hounds (D:15)
  11 water moccasins
  34 orc warriors
  5 laughing skulls
  2 sky beasts
  6 black bears
  3 boggarts (Lair:5)
  2 ice beasts (D:7)
  10 ogres
  11 centaurs
  42 wolves
  A lemure (D:8)
  A phantom (D:5)
  13 kobold brigands
  An elf zombie (D:7)
  2 brain worms (Sewer)
  15 bullfrogs
  4 gnoll sergeants
  7 scorpions
  24 wights
  15 killer bees
  A howler monkey (D:6)
  2 vampire bats (Lair:5)
  8 electric eels
  2 centaur zombies (D:7)
  5 hounds
  2 jellies
  A gnoll bouda (D:5)
  13 orc priests
  4 iguanas
  4 sleepcaps
  27 orc wizards
  2 scorpion zombies (D:7)
  11 hell rats
  An ogre zombie (D:7)
  2 killer bee zombies (D:7)
  5 hound zombies (D:7)
  A howler monkey zombie (D:7)
  14 adders
  13 gnolls
  3 river rats (Sewer)
  3 shadow imps
  5 white imps
  2 ufetubi (D:5)
  An adder zombie (D:7)
  A dart slug (D:1)
  2 ribbon worms
  84 orcs
  10 bats
  9 endoplasms
  5 giant cockroaches
  10 goblins
  6 hobgoblins
  8 jackals
  37 kobolds
  4 quokkas
  11 ball pythons
  11 frilled lizards
  8 rats
1248 creatures vanquished.

Vanquished Creatures (collateral kills)
  A broodmother (Spider:3)
  A merfolk impaler (Shoals:1)
  A yaktaur captain (Vaults:1)
  A radroach (Spider:4)
  A great orb of eyes (Vaults:1)
  2 merfolk aquamancers (Shoals:4)
  2 merfolk avatars
  A boulder beetle (Spider:1)
  A centaur warrior (Shoals:2)
  A tengu warrior (D:13)
  4 demonic crawlers
  A skyshark (Shoals:2)
  A pharaoh ant (Spider:1)
  5 orb spiders
  2 sea snakes
  An ironbound convoker (Vaults:1)
  A steelbarb worm (Spider:2)
  5 wolf spiders
  6 manticores
  3 ugly things
  A faun (Shoals:2)
  2 merfolk sirens
  A water nymph (Shoals:4)
  A torpor snail (Spider:2)
  An efreet (D:13)
  5 merfolk
  4 wind drakes
  6 tarantellas
  5 snapping turtles
  4 jumping spiders
  5 slime creatures
  2 culicivoras (Spider:2)
  3 water elementals (Shoals:4)
  6 redbacks
  11 ball lightnings
98 creatures vanquished.

Vanquished Creatures (others)
  A wolf spider (Spider:4)
  A kobold demonologist (D:12)
  3 humans (D:15)
  267 ball lightnings
272 creatures vanquished.

Grand Total: 1618 creatures vanquished

Notes
Turn   | Place    | Note
-------+----------+-------------------------------------------
     0 | D:1      | samcosmo the Draconian Air Elementalist began the quest for
                  | the Orb.
     0 | D:1      | Reached XP level 1. HP: 14/14 MP: 3/3
   122 | D:1      | Reached XP level 2. HP: 20/20 MP: 1/5
   808 | D:1      | Reached XP level 3. HP: 27/27 MP: 4/6
   862 | D:1      | Learned a level 3 spell: Swiftness
  1519 | D:2      | Found Ubbomen's Book Shop.
  1571 | D:2      | Noticed a scorpion
  1589 | D:2      | Killed a scorpion
  1590 | D:2      | Reached skill level 1 in Fighting
  1590 | D:2      | Reached XP level 4. HP: 22/35 MP: 0/8
  2649 | D:3      | Reached XP level 5. HP: 37/41 MP: 3/9
  2882 | D:3      | Noticed a sky beast
  2914 | D:3      | Killed a sky beast
  3039 | D:3      | Reached skill level 4 in Air Magic
  3055 | D:3      | Reached XP level 6. HP: 44/49 MP: 1/11
  3346 | D:3      | Identified the +1 hand axe of Hubris {flame, Str-3 Int+2
                  | Dex+7}
  3521 | D:3      | Learned a level 2 spell: Static Discharge
  3559 | D:4      | Found a glowing silver altar of Zin.
  4288 | D:4      | Found a staircase to the Ecumenical Temple.
  4312 | Temple   | Entered the Ecumenical Temple
  4325 | Temple   | Became a worshipper of Sif Muna the Loreminder
  4839 | D:5      | Entered Level 5 of the Dungeon
  4851 | D:5      | Your scales start taking on a fiery red colour.
  4851 | D:5      | Reached XP level 7. HP: 54/57 MP: 1/13
  4851 | D:5      | Gained mutation: Your flesh is heat resistant. (rF+) [Red
                  | Draconian growth]
  5123 | D:5      | Reached skill level 1 in Invocations
  5433 | D:5      | Reached skill level 5 in Spellcasting
  5667 | D:5      | Reached * piety under Sif Muna
  5770 | D:5      | Reached skill level 5 in Air Magic
  6185 | D:5      | Learned a level 4 spell: Airstrike
  6189 | D:6      | Reached XP level 8. HP: 66/66 MP: 6/15
  6661 | D:6      | Found a glowing drain.
  6670 | Sewer    | Entered a sewer
  7099 | Sewer    | Reached ** piety under Sif Muna
  7450 | Sewer    | Reached skill level 5 in Fighting
  7950 | D:6      | Reached skill level 5 in Dodging
  8097 | D:6      | Reached skill level 6 in Air Magic
  8444 | D:6      | Reached XP level 9. HP: 75/75 MP: 10/16
  8867 | D:7      | Noticed a troll
  9039 | D:7      | Reached skill level 5 in Invocations
  9234 | D:7      | Noticed Maggie
  9314 | D:7      | Killed Maggie
  9315 | D:7      | Reached skill level 7 in Air Magic
  9341 | D:6      | HP: 2/78 [something (4)]
  9353 | D:6      | HP: 3/78 [something (8)]
  9358 | D:6      | Killed an unseen horror
  9575 | D:7      | Noticed a troll
  9757 | D:7      | Reached *** piety under Sif Muna
  9839 | D:7      | a troll changed into a wyvern
 10010 | D:7      | Reached XP level 10. HP: 38/86 MP: 7/19
 10802 | D:7      | Identified the ring "Ysorch" {rElec rC- rN+ Str+9 Int-4}
 11191 | D:7      | Found an ancient bone altar of Kikubaaqudgha.
 11590 | D:8      | Reached skill level 8 in Air Magic
 11833 | D:8      | Found a runed translucent gate.
 11834 | D:8      | Found a runed translucent gate.
 11835 | D:8      | Found a runed translucent gate.
 11836 | D:8      | Noticed IAmTheZeppo's ghost (novice MiFi)
 11837 | D:8      | Noticed nerdeater69's ghost (novice MiBe)
 11975 | D:8      | Noticed Pikel
 11998 | D:8      | Killed Pikel
 12132 | D:8      | Reached **** piety under Sif Muna
 13480 | D:9      | Noticed Harold
 13488 | D:9      | Killed Harold
 13489 | D:9      | Reached XP level 11. HP: 95/95 MP: 4/22
 13595 | D:9      | Found a flagged portal.
 13609 | Bailey   | Entered a bailey
 13640 | Bailey   | Reached skill level 9 in Air Magic
 13777 | Bailey   | Identified the +9 plate armour "Wiwk" {rC+ MP+9}
 14155 | Bailey   | Found a burning altar of Makhleb.
 14287 | D:9      | Found a blossoming altar of Fedhas.
 14296 | D:9      | Found a hide-covered altar of Uskayaw.
 14330 | D:9      | Noticed a two-headed ogre
 14334 | D:9      | Killed a two-headed ogre
 14553 | D:9      | Noticed an eight-headed hydra
 14556 | D:9      | Killed an eight-headed hydra
 14658 | D:10     | Entered Level 10 of the Dungeon
 14922 | D:10     | Identified the +10 spear "Axtet" {venom, *Slow rCorr Str+8
                  | Dex+3}
 14962 | D:10     | Noticed Gastronok
 14987 | D:10     | Killed Gastronok
 14988 | D:10     | Reached skill level 10 in Air Magic
 15611 | D:10     | Found a sacrificial altar of Ru.
 16253 | D:11     | Noticed a two-headed ogre
 16260 | D:11     | Killed a two-headed ogre
 16261 | D:11     | Reached XP level 12. HP: 94/105 MP: 19/24
 16434 | D:11     | Noticed a two-headed ogre
 16446 | D:11     | Killed a two-headed ogre
 16583 | D:11     | Found a staircase to the Lair.
 16648 | D:11     | Noticed Psyche
 16651 | D:11     | Killed Psyche
 16813 | D:11     | Found a staircase to the Orcish Mines.
 16831 | D:11     | Reached ***** piety under Sif Muna
 16832 | D:11     | Reached skill level 11 in Air Magic
 16984 | D:11     | Reached skill level 10 in Fighting
 17318 | D:11     | Noticed a boulder beetle
 17364 | D:11     | Killed a boulder beetle
 18758 | D:12     | Noticed a tengu warrior
 18785 | D:12     | Killed a tengu warrior
 19129 | D:13     | Noticed a red very ugly thing
 19129 | D:13     | Noticed a tengu warrior
 19129 | D:13     | Noticed a fire dragon
 19129 | D:13     | Noticed Nessos
 19171 | Lair:1   | Entered Level 1 of the Lair of Beasts
 19171 | Lair:1   | Noticed a boulder beetle
 19183 | Lair:1   | Killed a boulder beetle
 19184 | Lair:1   | Reached skill level 12 in Air Magic
 19678 | Lair:1   | Reached XP level 13. HP: 114/114 MP: 26/26
 19856 | Lair:1   | Received a gift from Sif Muna
 19863 | Lair:1   | Got Lehudib's Elucidation of the Iron Discharge {god gift}
 20451 | Lair:2   | Found a hole to the Spider Nest.
 20698 | Lair:2   | Found a shimmering altar of Xom.
 21645 | Lair:2   | Found a transporter.
 21689 | Lair:2   | Found a staircase to the Shoals.
 22074 | Lair:2   | Found a transporter.
 22163 | Lair:2   | HP: 4/116 [death yak (19)]
 22176 | Lair:2   | Reached skill level 10 in Spellcasting
 22451 | Lair:2   | Reached skill level 13 in Air Magic
 22803 | Lair:3   | Found a shimmering altar of Xom.
 22832 | Lair:3   | Reached skill level 10 in Dodging
 23761 | Lair:3   | Reached skill level 5 in Conjurations
 23827 | Lair:3   | Reached XP level 14. HP: 96/124 MP: 24/28
 23975 | Lair:3   | Learned a level 5 spell: Freezing Cloud
 25379 | Lair:5   | Entered Level 5 of the Lair of Beasts
 25391 | Lair:5   | Reached skill level 10 in Invocations
 26326 | Lair:5   | Reached skill level 14 in Air Magic
 26780 | Lair:5   | Received a gift from Sif Muna
 26781 | Lair:5   | Got Foosocri's Cyclopedia of Reconfigured Superposition
                  | {god gift}
 26786 | Lair:5   | Learned a level 3 spell: Mephitic Cloud
 27104 | Lair:5   | Found a staircase to the Slime Pits.
 27402 | Lair:5   | Learned a level 2 spell: Mercury Vapours
 27483 | Lair:5   | Reached ****** piety under Sif Muna
 28847 | Orc:1    | Entered Level 1 of the Orcish Mines
 29311 | Orc:2    | Entered Level 2 of the Orcish Mines
 29342 | Orc:2    | Found a staircase to the Elven Halls.
 29945 | Orc:2    | Identified the +4 chain mail "Qaramiteakk" {Dex+3}
 30010 | Orc:2    | Found Onil's Magic Scroll Shoppe.
 30282 | Orc:2    | Identified the +3 chain mail "Afouci" {rN+ Str+2}
 30323 | Orc:2    | Received a gift from Sif Muna
 30470 | Orc:2    | Got Sif Muna's Omnibus of Fulmination and Haze {god gift}
 30496 | Orc:2    | Reached XP level 15. HP: 133/134 MP: 29/30
 30748 | Orc:1    | Learned a level 5 spell: Arcjolt
 30755 | Orc:1    | Learned a level 6 spell: Conjure Ball Lightning
 32001 | Orc:2    | Found Woggausi's Assorted Antiques.
 32394 | Orc:2    | Reached skill level 15 in Air Magic
 32442 | Orc:2    | Found Pidobror's Antique Weapon Boutique.
 32444 | Orc:2    | Found Potoyc's Antique Armour Shop.
 32682 | Shoals:1 | Entered Level 1 of the Shoals
 32685 | Shoals:1 | Received a gift from Sif Muna
 32686 | Shoals:1 | Got Sif Muna's Grimoire of Congregated Zombies {god gift}
 32976 | Lair:2   | Identified the +2 helmet of Nabafoluo {+Inv Str+2}
 33109 | D:8      | Learned a level 4 spell: Summon Lightning Spire
 33113 | D:8      | Killed IAmTheZeppo's ghost
 33113 | D:8      | Killed nerdeater69's ghost
 35368 | Shoals:2 | Found Huprefok's Magic Scroll Emporium.
 35473 | Shoals:2 | Received a gift from Sif Muna
 35474 | Shoals:2 | Got Sif Muna's Dissertation on the Ill-fated Escort {god
                  | gift}
 35857 | Shoals:3 | Reached XP level 16. HP: 144/144 MP: 29/31
 37083 | Shoals:4 | Entered Level 4 of the Shoals
 37083 | Shoals:4 | Found a stormy altar of Qazlal.
 37156 | Shoals:4 | Paralysed by an air elemental for 1 turns
 37159 | Shoals:4 | Paralysed by an air elemental for 1 turns
 37162 | Shoals:4 | Reached skill level 16 in Air Magic
 38327 | Shoals:4 | Paralysed by an air elemental for 1 turns
 38683 | Shoals:4 | Found a stormy altar of Qazlal.
 38875 | Shoals:4 | Received a gift from Sif Muna
 38876 | Shoals:4 | Got Sif Muna's Almanac of the Barrage {god gift}
 39079 | Shoals:4 | Noticed a titan
 39895 | Spider:1 | Entered Level 1 of the Spider Nest
 40808 | Spider:1 | Reached skill level 17 in Air Magic
 41124 | Spider:1 | Reached XP level 17. HP: 102/152 MP: 20/33
 42454 | Spider:2 | Received a gift from Sif Muna
 42455 | Spider:2 | Got Sif Muna's Quarto of the Fault and Locality {god gift}
 42467 | Spider:2 | Noticed Arachne
 42548 | Spider:2 | Killed Arachne
 43767 | Spider:2 | You fall into a shaft and drop 1 floor!
 43947 | Spider:3 | Identified the +7 sling of Crusades {heavy, *Corrode Dex+5}
 44266 | Spider:3 | Found a runed translucent door.
 44266 | Spider:3 | Noticed Dogchiho's ghost (adept MiFi)
 44411 | Spider:2 | Reached skill level 10 in Conjurations
 44614 | Spider:2 | Found a runed translucent gate.
 44614 | Spider:2 | Found a runed translucent gate.
 44614 | Spider:2 | Found a runed translucent gate.
 44615 | Spider:2 | Noticed Cumifues's ghost (journeyman MiMo)
 44754 | Spider:2 | Killed Cumifues's ghost
 46126 | Spider:4 | Entered Level 4 of the Spider Nest
 46349 | Spider:4 | Received a gift from Sif Muna
 46350 | Spider:4 | Got Zuinoo's Omnibus of Stormy Bodies {god gift}
 46511 | Spider:4 | Reached skill level 15 in Fighting
 46516 | Spider:4 | Reached skill level 18 in Air Magic
 47669 | Spider:4 | Reached XP level 18. HP: 163/163 MP: 27/35
 48347 | Spider:4 | Received a gift from Sif Muna
 48349 | Spider:4 | Got Sif Muna's Thoughts on Maleficia and the Dragon {god
                  | gift}
 49608 | Spider:4 | Got a gossamer rune of Zot
 49864 | Spider:1 | Identified the +0 robe of the Platytaur {Dex+7}
 50191 | Shoals:4 | Got a barnacled rune of Zot
 50541 | D:13     | Killed Nessos
 50795 | D:13     | Found a runed translucent door.
 50797 | D:13     | Noticed Estrea's ghost (journeyman GrEE)
 50925 | D:13     | Identified the +6 morningstar "Demonbane" {freeze, ^Contam
                  | rF+++ rCorr Int-2}
 51813 | D:13     | Killed Estrea's ghost
 52767 | D:14     | Reached skill level 15 in Conjurations
 53443 | D:14     | Found a gate to the Vaults.
 53853 | D:15     | Entered Level 15 of the Dungeon
 53907 | D:15     | Noticed Josephine
 53910 | D:15     | Received a gift from Sif Muna
 53911 | D:15     | Got Sif Muna's Advanced Theurgy {god gift}
 53912 | D:15     | Noticed Jorgrun
 54082 | D:15     | Killed Josephine
 54083 | D:15     | Killed Jorgrun
 54208 | D:15     | Noticed Kirke
 54209 | D:15     | Noticed Azrael
 54211 | D:15     | Killed Kirke
 54266 | D:15     | Killed Azrael
 54418 | D:15     | Noticed Agnes
 54426 | D:15     | Killed Agnes
 55046 | D:15     | Found a staircase to the Depths.
 56023 | Vaults:1 | Entered Level 1 of the Vaults
 56333 | Vaults:1 | Reached XP level 19. HP: 113/170 MP: 16/36
 56473 | Vaults:1 | Learned a level 9 spell: Chain Lightning
 56523 | Vaults:1 | Noticed Boris
 56534 | Vaults:1 | HP: 6/170 [spore (14)]
 56534 | Vaults:1 | Killed by an exploding ball lightning

Illustrated notes

Levels and vault maps discovered:
D:1:      dreamdust_arrival_beginning_and_end, layout_loops_corners
D:2:      layout_rooms, serial_shops, shop, serial_forest,
          infiniplex_forest_clump_small, infiniplex_forest_clump_medium,
          infiniplex_forest_clump_double, infiniplex_forest_lined_room_2,
          infiniplex_forest_end_double, infiniplex_forest_clump_small,
          infiniplex_forest_straight_1
D:3:      layout_loops_corners
D:4:      layout_loops_ring, zin_academy, minmay_temple_entry_waves
D:5:      layout_basic
D:6:      layout_rooms, portal_sewer_entry_d, serial_bayou_lake_a
D:7:      minmay_the_grid_octo_2x2 [minmay_the_grid_octo_thin_diamonds,
          minmay_the_grid_octo_concentric, minmay_the_grid_octo_clover,
          minmay_the_grid_octo_prize_ultimate_mussel_roller],
          layout_loops_cross, roadster_capsule_ark_zombie, uniq_maggie
D:8:      layout_basic, gammafunk_ghost_cemetery, uniq_pikel
D:9:      layout_roguey, mainiacjoe_overflow_swirl, enter_bailey_3, uniq_harold
D:10:     layout_gridville, mainiacjoe_overflow_boulevard, uniq_gastronok
D:11:     minmay_recursive_quarters, layout_irregular_city,
          due_lair_maze_entry_diamond, uniq_psyche
D:12:     layout_loops_ring, gauntlet_entry_generic, kennysheep_generic_room_15
D:13:     minmay_ambush_box, layout_loops_ring, hellmonk_ghost_happy_afterlife,
          kennysheep_nondescript, uniq_nessos
D:14:     layout_gridville, lightli_vaults_fourway_checkpoint,
          dreamdust_princess_corridor, minmay_misc_feat_x,
          minmay_misc_feat_hallway, chequers_arboretum, roderic_lattice_a,
          minmay_diced_spiral
D:15:     hangedman_depths_entry_try_elsewhere_first, layout_loops_cross,
          water_boxes_lemuel, uniq_josephine, uniq_azrael, uniq_agnes,
          uniq_jorgrun, uniq_kirke
Temple:   mainiacjoe_temple_coin_purse
Lair:1:   layout_big_grid
Lair:2:   gammafunk_worm_tunnel, layout_cave_pods, nicolae_shoals_entry_roost,
          spider_nest_entry_a, basic_altar, grunt_megastairs_1
Lair:3:   layout_roguey, basic_altar, chequers_serial_rivers_room_a,
          grunt_megastairs_3
Lair:4:   beargit_carnivore_pack, layout_hall_layers, grunt_megastairs_2
Lair:5:   minmay_lair_end_enchanted_forest, layout_gridlike, slime_entry_1,
          st_stairs_9, roderic_batcave
Shoals:1: layout_shoals, nicolae_shoals_dead_sea_scrolls
Shoals:2: layout_shoals, serial_shops, shop
Shoals:3: layout_shoals, nicolae_shoals_lost_giant_temple
Shoals:4: shoals_end_hellmonk_storm_palace [storm_palace_center_circular,
          storm_palace_corner_pillars, storm_palace_corner_altar,
          storm_palace_corner_pillars, storm_palace_corner_altar]
Spider:1: nicolae_spider_corner
Spider:2: layout_spider_delve, ebering_ghost_rock_garden, drop_trap,
          nicolae_spider_spiderdrome, uniq_arachne
Spider:3: layout_spider_delve, ebering_ghost_inner_flame,
          hangedman_spider_tarantella_strand
Spider:4: johnstein_spider_rune_arachne_lair
Orc:1:    layout_caves
Orc:2:    grunt_orc_community_town_hall, layout_diamond_mine,
          grunt_orc_community_big_house_2, grunt_orc_community_big_house_2,
          grunt_orc_community_house_2, grunt_orc_community_house_1,
          grunt_orc_community_house_2, grunt_orc_community_house_2,
          grunt_orc_community_house_3, elf_legates
Vaults:1: nicolae_vaults_wine_cellar, vaults_room_hangedman_quadrants,
          v_misc_25, v_rooms_2, grunt_vaults_twisty, hangedman_vaults_capsules,
          nicolae_vaults_double_plus_3, vaults_dpeg_encased_lava,
          layout_vaults_ring, uniq_saint_roka, uniq_boris, uniq_asterion

Skill      XL: |  1  2  3  4  5  6  7  8  9 10 11 12 13 14 15 16 17 18 |
---------------+-------------------------------------------------------+-----
Stealth        | 2 |  2.0
Dodging        | 2 3 4 5 6 7 8 9 10 11 12 13 | 13.0
Fighting       | 1 2 3 4 5 7 8 9 10 11 12 13 14 15 | 15.0
Spellcasting   | 3 4 5 6 7 8 9 10 11 12 13 | 13.0
Air Magic      | 4 5 6 7 8 10 12 13 14 15 17 18 | 18.0
Invocations    | 2 4 5 7 8 9 10 11 12 | 12.0
Conjurations   | 2 5 6 8 9 12 17 | 17.2

Action                     |  1- 3 |  4- 6 |  7- 9 | 10-12 | 13-15 | 16-18 | 19-21 || total
---------------------------+-------+-------+-------+-------+-------+-------+-------++-------
  Melee: Unarmed           |     5 |       |       |       |       |       |       ||     5
         Dagger            |     3 |    22 |       |       |       |       |       ||    25
         Tailslap          |       |     3 |     3 |     8 |    10 |    10 |       ||    34
         Hand axe          |       |     1 |    25 |    43 |    21 |       |       ||    90
         Punch             |       |       |       |       |     1 |       |       ||     1
         Staff             |       |       |       |       |     8 |   101 |       ||   109
   Cast: Shock             |    71 |   131 |   243 |   671 |   758 |   283 |     4 ||  2161
         Static Discharge  |       |     9 |    55 |   141 |   249 |     5 |       ||   459
         Swiftness         |       |     1 |     4 |     1 |     5 |     2 |       ||    13
         Airstrike         |       |       |    18 |    67 |   149 |   290 |     2 ||   526
         Freezing Cloud    |       |       |       |       |    68 |    22 |       ||    90
         Mercury Vapours   |       |       |       |       |     9 |     5 |       ||    14
         Mephitic Cloud    |       |       |       |       |     3 |     1 |       ||     4
         Arcjolt           |       |       |       |       |    38 |   201 |     3 ||   242
         Conjure Ball Ligh |       |       |       |       |    34 |    80 |     5 ||   119
         Summon Lightning  |       |       |       |       |    23 |   112 |     1 ||   136
 Invoke: Channel Magic     |       |       |     1 |     4 |     4 |     3 |       ||    12
Ability: Breathe Fire      |       |       |     5 |     2 |     1 |     1 |       ||     9
  Evoke: Wand              |       |       |     2 |       |       |     1 |       ||     3
    Use: Scroll            |       |     9 |     6 |     9 |    13 |     9 |     2 ||    48
         Potion            |       |       |       |     1 |     4 |     7 |     1 ||    13
 Armour: Skin              |     8 |    42 |   296 |   437 |   764 |   801 |    23 ||  2371
  Dodge: Dodged            |     9 |    40 |   150 |   447 |   654 |   593 |     4 ||  1897
  Block: Buckler           |       |       |       |       |       |    27 |       ||    27
